3160 views
Uploaded 2020-03-18 21:12:49
Game version 1.32.3
3:12 long 4on4 ladder game on (8)Northshire_LV
Saved by BEARAND
3160 views
Uploaded 2020-03-18 21:12:49
Game version 1.32.3
3:12 long 4on4 ladder game on (8)Northshire_LV


/ 0k
8 buildings @ 1.5k
/ 0.3k
| Acolyte | 2 | 150 | / | 0 |
| total: | 2 | 150g | / | 0w |
| Crypt | 1 | 200 | / | 50 |
| Ziggurat | 1 | 150 | / | 50 |
| Graveyard | 1 | 215 | / | 0 |
| Altar of Darkness | 1 | 180 | / | 50 |
| total: | 4 | 745g | / | 150w |
| 0:04 | Acolyte |
| 0:09 | Crypt |
| 0:12 | Ziggurat |
| 0:21 | Acolyte |
| 0:37 | Graveyard |
| 0:48 | Altar of Darkness |
| Right click | 33 |
| Select | 13 |
| Build/train/purchase | 2 |
| Wisp | 5 | 300 | / | 0 |
| total: | 5 | 300g | / | 0w |
| Moon Well | 1 | 180 | / | 40 |
| Altar of Elders | 1 | 180 | / | 50 |
| total: | 2 | 360g | / | 90w |
| 0:03 | Wisp |
| 0:03 | Wisp |
| 0:03 | Wisp |
| 0:03 | Wisp |
| 0:20 | Moon Well |
| 0:35 | Wisp |
| 1:00 | Altar of Elders |
| Select | 9 |
| Right click | 7 |
| Build/train/purchase | 5 |
| Resource trade | 4 |
| Wisp | 4 | 240 | / | 0 |
| total: | 4 | 240g | / | 0w |
| Altar of Elders | 1 | 180 | / | 50 |
| Moon Well | 1 | 180 | / | 40 |
| total: | 2 | 360g | / | 90w |
| 0:03 | Wisp |
| 0:03 | Wisp |
| 0:03 | Wisp |
| 0:19 | Altar of Elders |
| 0:24 | Wisp |
| 0:30 | Moon Well |
| Right click | 26 |
| Chat | 24 |
| Select | 17 |
| Build/train/purchase | 4 |
| Chat | 112 |
| Right click | 109 |
| Select | 39 |
| Use ability | 37 |
| Build/train/purchase | 8 |
| Resource trade | 8 |
| Esc | 6 |
/ 0k
28 buildings @ 3.4k
/ 1.1k

| Peasant | 10 | 750 | / | 0 |
| total: | 10 | 750g | / | 0w |
| Scout Tower | 8 | 240 | / | 160 |
| Arcane Tower | 2 | 140 | / | 100 |
| Guard Tower | 3 | 210 | / | 150 |
| Altar of Kings | 1 | 180 | / | 50 |
| Farm | 2 | 160 | / | 40 |
| Lumber Mill | 1 | 120 | / | 0 |
| total: | 12 | 700g | / | 250w |
| 0:02 | Peasant |
| 0:02 | Peasant |
| 0:07 | Altar of Kings |
| 0:12 | Peasant |
| 0:18 | Farm |
| 0:20 | Peasant |
| 0:32 | Peasant |
| 0:38 | Peasant |
| 0:42 | Peasant |
| 0:49 | Lumber Mill |
| 1:04 | Scout Tower |
| 1:07 | Peasant |
| 1:07 | Peasant |
| 1:31 | Scout Tower |
| 1:34 | Scout Tower |
| 1:39 | Scout Tower |
| 1:41 | Peasant |
| 1:59 | Arcane Tower |
| 2:00 | Scout Tower |
| 2:00 | Scout Tower |
| 2:05 | Blizzard |
| 2:10 | Guard Tower |
| 2:11 | Scout Tower |
| 2:13 | Arcane Tower |
| 2:14 | Scout Tower |
| 2:26 | Guard Tower |
| 2:31 | Farm |
| 3:08 | Guard Tower |
| Right click | 191 |
| Select | 70 |
| Chat | 45 |
| Build/train/purchase | 21 |
| Assign group | 4 |
| Select group | 3 |
| Minimap ping | 1 |

| Wisp | 12 | 720 | / | 0 |
| total: | 12 | 720g | / | 0w |
| Altar of Elders | 1 | 180 | / | 50 |
| Moon Well | 2 | 360 | / | 80 |
| Ancient of War | 2 | 300 | / | 120 |
| Hunter's Hall | 1 | 210 | / | 100 |
| total: | 6 | 1050g | / | 350w |
| 0:03 | Wisp |
| 0:03 | Wisp |
| 0:06 | Altar of Elders |
| 0:11 | Moon Well |
| 0:23 | Wisp |
| 0:33 | Moon Well |
| 0:44 | Wisp |
| 0:57 | Wisp |
| 0:58 | Wisp |
| 1:25 | Wisp |
| 1:25 | Wisp |
| 1:50 | Wisp |
| 1:50 | Wisp |
| 2:11 | Entangling Roots |
| 2:32 | Wisp |
| 2:33 | Wisp |
| 2:38 | Ancient of War |
| 2:39 | Ancient of War |
| 3:04 | Hunter's Hall |
| Right click | 89 |
| Select group | 64 |
| Select | 34 |
| Build/train/purchase | 14 |
| Resource trade | 13 |
| Assign group | 6 |
| Use ability | 1 |

| Acolyte | 2 | 150 | / | 0 |
| Ghoul | 4 | 480 | / | 0 |
| total: | 6 | 630g | / | 0w |
| Crypt | 1 | 200 | / | 50 |
| Altar of Darkness | 1 | 180 | / | 50 |
| Ziggurat | 2 | 300 | / | 100 |
| Tomb of Relics | 1 | 130 | / | 30 |
| total: | 5 | 810g | / | 230w |
| 0:01 | Acolyte |
| 0:07 | Acolyte |
| 0:09 | Crypt |
| 0:22 | Altar of Darkness |
| 0:34 | Ziggurat |
| 1:11 | Tomb of Relics |
| 1:16 | Ghoul |
| 1:29 | Ghoul |
| 1:49 | Ziggurat |
| 1:51 | Ghoul |
| 2:11 | Ghoul |
| 2:55 | Death Coil |
| Assign group | 130 |
| Right click | 130 |
| Select group | 99 |
| Select | 44 |
| Chat | 28 |
| Build/train/purchase | 9 |
| Misc. action | 2 |
| Wisp | 8 | 480 | / | 0 |
| total: | 8 | 480g | / | 0w |
| Altar of Elders | 1 | 180 | / | 50 |
| Moon Well | 2 | 360 | / | 80 |
| Ancient of War | 2 | 300 | / | 120 |
| total: | 5 | 840g | / | 250w |
| 0:00 | Wisp |
| 0:03 | Altar of Elders |
| 0:04 | Wisp |
| 0:16 | Moon Well |
| 0:20 | Wisp |
| 0:33 | Wisp |
| 0:53 | Moon Well |
| 1:51 | Wisp |
| 1:52 | Wisp |
| 1:52 | Wisp |
| 2:17 | Wisp |
| 2:53 | Ancient of War |
| 2:57 | Ancient of War |
| Right click | 186 |
| Select | 57 |
| Select group | 13 |
| Build/train/purchase | 10 |
| Assign group | 6 |
| Minimap ping | 1 |
⇛